 Dungeon Crawl Stone Soup version 0.31.0-11-ge490571c62 (webtiles) character file.

Game seed: 4146331339622677285

35 Ijustatesigmund the Covered (level 3, -4/23 HPs)
             Began as a Gargoyle Fighter on Jan 30, 2024.
             Slain by Natasha (6 damage)
             ... on level 2 of the Dungeon.
             The game lasted 00:01:37 (1267 turns).

Ijustatesigmund the Covered (Gargoyle Fighter)      Turns: 1267, Time: 00:01:37

Health: -4/23      AC: 12    Str: 17 (19) XL:     3   Next: 35%
Magic:  3/3        EV:  9    Int:  8 (10) God:
Gold:   135        SH:  4    Dex:  7 (9)  Spells: 2/2 levels left

rFire   . . .        a - +0 flail
rCold   . . .        c - +0 buckler
rNeg    + . .        b - +0 scale mail
rPois   ∞            (no helmet)
rElec   +            (no cloak)
rCorr   .            k - +0 pair of gloves
SInv    .            i - +0 pair of boots
Will    .....        (no amulet) Stlth
                     (no ring)
HPRegen 0.23/turn    (no ring)
MPRegen 0.08/turn

%: no passive effects
@: slowed, very slow
A: sickness immunity, AC +3, negative energy resistance 1, electricity
resistance, torment resistance 1, petrification resistance
a: no special abilities


You were on level 2 of the Dungeon.
You visited 1 branch of the dungeon, and saw 2 of its levels.

You collected 135 gold pieces.

Inventory:

Hand Weapons
 a - a +0 flail (weapon)
Armour
 b - a +0 scale mail (worn)
 c - a +0 buckler (worn)
 i - a +0 pair of boots (worn)
 k - a +0 pair of gloves (worn)
Wands
 l - a wand of digging (2)
Scrolls
 e - a scroll of poison {unknown}
 f - a scroll of blinking {unknown}
 h - a scroll of fog {unknown}
 m - a scroll of fear {unknown}
Potions
 d - a potion of might
 g - a potion of degeneration
 j - a potion of curing {unknown}


   Skills:
 + Level 3.6 Fighting
 * Level 2.8 Maces & Flails
 + Level 3.6 Armour
 + Level 3.6 Shields


You had 2 spell levels left.
You didn't know any spells.
Your spell library contained the following spells:

 Spells                   Type           Power      Damage    Failure   Level
 Jinxbite                 Hex            0%         N/A       95%         2
 Gell's Gravitas          Tloc           0%         N/A       99%         3
 Teleport Other           Tloc           0%         N/A       99%         3
 Yara's Violent Unravell  Hex/Alch       0%         3d3       100%        5
 Dispersal                Tloc           0%         N/A       100%        6
 Enfeeble                 Hex            0%         N/A       100%        7


Dungeon Overview and Level Annotations

Branches:
Dungeon (2/15)

Altars:

Annotations:
D:2 Natasha


Innate Abilities, Weirdness & Mutations

You are immune to sickness and miasma.
Your stone body is resilient. (AC +3)
You are immune to poison.
You resist negative energy. (rN+)
You are resistant to electric shocks. (rElec)
You are resistant to unholy torment.
You are immune to petrification.


Message History

Natasha stares at you and mumbles some strange words.
The magic dart hits you.
The cerulean imp hits you from afar with a +2 spear.
You miss the adder. The adder bites you but does no damage.
The cerulean imp hits you from afar with a +2 spear.
The adder bites you but does no damage.
You are too injured to fight recklessly!
You are too injured to fight recklessly!
You are too injured to fight recklessly!
You are too injured to fight recklessly!
You are too injured to fight recklessly!
You are too injured to fight recklessly!
You are too injured to fight recklessly!
You are too injured to fight recklessly!
You are too injured to fight recklessly!
You are too injured to fight recklessly!
You are too injured to fight recklessly!
You are too injured to fight recklessly!
You are too injured to fight recklessly!
You are too injured to fight recklessly!
You are too injured to fight recklessly!
Unknown command.
Natasha attacks as she pursues you! Natasha claws you.
* * * LOW HITPOINT WARNING * * *
The adder attacks as it pursues you! The adder bites you.
* * * LOW HITPOINT WARNING * * *
Natasha casts a spell at you.
You feel yourself slow down.
The cerulean imp hits you but does no damage. x2
The adder closely misses you.
It was a potion of degeneration.
There was something very wrong with that liquid.
You feel weakened.
You feel dopey.
You feel clumsy. The adder bites you but does no damage.
Natasha mumbles some strange words.
You feel troubled.
The cerulean imp hits you but does no damage.
The cerulean imp barely misses you. Natasha claws you.
You die...
Natasha curls up and begins to purr.

##########
.........#
.........#
.........#
........#
......####
#.55...#
#..S...####
#..h@.....#
#####.....#
###.....#
#.......#
#......##
#######......#
.............#
#######......#
#...######


You could see Natasha, 2 cerulean imps and an adder.

Vanquished Creatures
  An adder (D:2)
  2 bats (D:1)
  4 endoplasms
  A giant cockroach (D:2)
  6 goblins
  3 hobgoblins
  A quokka (D:2)
  2 ball pythons
  2 frilled lizards (D:2)
  3 kobolds (D:1)
25 creatures vanquished.

Notes
Turn   | Place    | Note
-------+----------+-------------------------------------------
     0 | D:1      | Ijustatesigmund the Gargoyle Fighter began the quest for
                  | the Orb.
     0 | D:1      | Reached XP level 1. HP: 14/14 MP: 1/1
   235 | D:1      | Reached XP level 2. HP: 18/19 MP: 2/2
  1134 | D:2      | Reached XP level 3. HP: 23/23 MP: 3/3
  1259 | D:2      | Noticed Natasha
  1265 | D:2      | HP: 1/23 [adder (2)]
  1267 | D:2      | Slain by Natasha

Illustrated notes

Levels and vault maps discovered:
D:1:      shiori_arrival_oz, layout_basic
D:2:      layout_basic, uniq_natasha

Action                     || total
---------------------------++-------
  Melee: Flail             ||    94
    Use: Potion            ||     1
 Armour: Scale mail        ||    82
  Dodge: Dodged            ||    55
  Block: Buckler           ||    15
